 Dungeon Crawl Stone Soup version 0.30-a0-778-g2ef04afb54 (console) character file.

Game seed: 15447148059754117424

148 rlgrobin the Chopper (level 5, 0/45 HPs)
             Began as a Meteoran Fighter on Feb 17, 2023.
             Was an Initiate of Fedhas.
             Slain by Robin
             ... wielding a +0 mace
              (4 damage)
             ... on level 4 of the Dungeon.
             The game lasted 00:02:25 (497 turns).

rlgrobin the Chopper (Meteoran Fighter)              Turns: 497, Time: 00:02:26

Health: 0/45       AC:  6    Str: 19    XL:     5   Next: 87%
Magic:  6/6        EV:  9    Int: 10    God:    Fedhas [......]
Gold:   44         SH:  5    Dex: 13    Spells: 4/4 levels left

rFire   + . .      SeeInvis .    a - +0 war axe
rCold   . . .      Faith    .    c - +0 buckler
rNeg    . . .      Spirit   .    b - +0 scale mail
rPois   .          Reflect  .    (no helmet)
rElec   .          Harm     .    (no cloak)
rCorr   .          Rampage  .    (no gloves)
Will    .....                    (no boots) Stlth
                                 (no amulet)
HPRegen 0.27/turn                h - ring of protection from fire
MPRegen 0.10/turn                (no ring)

@: glowing
A: sense surroundings 1, otherworldly, glowing, explore regen
a: Renounce Religion


You were on level 4 of the Dungeon.
You worshipped Fedhas.
Fedhas was noncommittal.
You visited 1 branch of the dungeon, and saw 4 of its levels.

You collected 44 gold pieces.

Inventory:

Hand Weapons
 a - a +0 war axe (weapon)
Armour
 b - a +0 scale mail (worn)
 c - a +0 buckler (worn)
 j - a +0 tower shield
 l - an orb of wrath
Jewellery
 h - a ring of protection from fire (left hand)
Wands
 n - a wand of polymorph (9)
Scrolls
 e - 2 scrolls of identify {unknown}
 f - a scroll of poison {unknown}
 g - a scroll of fear {unknown}
 m - a scroll of teleportation {unknown}
Potions
 d - a potion of might
 i - 2 potions of resistance {unknown}
 k - a potion of degeneration {unknown}


   Skills:
 - Level 3.2 Fighting
 + Level 6.4 Axes
 - Level 3.6 Armour
 - Level 3.6 Shields


You had 4 spell levels left.
You didn't know any spells.
Your spell library was empty.

Dungeon Overview and Level Annotations

Branches:
Dungeon (4/15) Zot: 1869
 Temple: D:4-7

Altars:
Fedhas

Annotations:
D:4 Robin


Innate Abilities, Weirdness & Mutations

You passively map a small area around you.
You are easily found by Zot.
You glow in the dark.
You regain HP and MP as you explore.


Message History

You slash the goblin!
You kill the goblin!
Fedhas appreciates your contribution to the ecosystem.
The hobgoblin no longer looks unusually strong.
The hobgoblin hits you but does no damage.
The goblin hits you but does no damage. Robin throws the goblin at you!
An iguana comes into view.
The iguana hisses angrily.
The hobgoblin hits you.
The hobgoblin hits you but does no damage.
The goblin hits you but does no damage.
Robin roars a battlecry!
The hobgoblin goes into a battle-frenzy!
You see here a +0 dagger.
You barely miss the hobgoblin. You closely miss Robin.
You barely miss the goblin. You hit the hobgoblin.
The hobgoblin closely misses you. You block the hobgoblin's attack.
The goblin hits you but does no damage. You block Robin's attack.
You barely miss the hobgoblin. You hit the goblin.
You kill the goblin!
Fedhas appreciates your contribution to the ecosystem.
You hit the hobgoblin. You hit Robin.
The iguana hisses menacingly.
The hobgoblin hits you.
* * * LOW HITPOINT WARNING * * *
The hobgoblin barely misses you. Robin closely misses you.
You barely miss Robin.
Robin is heavily wounded.
You hit the hobgoblin. x2
You kill the hobgoblin!
Fedhas appreciates your contribution to the ecosystem.
You block the hobgoblin's attack. Robin hits you with a +0 mace.
* * * LOW HITPOINT WARNING * * *
You barely miss Robin.
Robin is heavily wounded.
You completely miss the hobgoblin. The hobgoblin hits you.
* * * LOW HITPOINT WARNING * * *
Robin hits you with a +0 mace.
You die...
Fedhas appreciates your contribution to the ecosystem.

, , * , . * ....,
,.... ##########
.....#........#
,.....#......>.#
.....l.†g)....# , , ,
#.@.)....# * #>
##.g))....# *
#.#.##.........# *
#..............# , *
* ###..#)..##########
, #..................
, ,
..............#####**
, ....#.#####...### ,
### #.* ###...# * * *


You could see an iguana, Robin and a hobgoblin (strong).

Vanquished Creatures
  2 hounds (D:4)
  A jelly (D:4)
  A white imp (D:3)
  A worm (D:4)
  A dart slug (D:1)
  5 endoplasms
  2 giant cockroaches
  11 goblins
  8 hobgoblins
  3 quokkas
  A ball python (D:3)
  2 bats
  2 rats
40 creatures vanquished.

Vanquished Creatures (others)
  A goblin (D:4)
  A plant (D:2)
2 creatures vanquished.

Grand Total: 42 creatures vanquished

Notes
Turn   | Place    | Note
-------+----------+-------------------------------------------
     0 | D:1      | rlgrobin the Meteoran Fighter began the quest for the Orb.
     0 | D:1      | Reached XP level 1. HP: 19/19 MP: 2/2
    81 | D:1      | Reached skill level 3 in Axes
    81 | D:1      | Reached XP level 2. HP: 26/26 MP: 3/3
   234 | D:2      | Reached XP level 3. HP: 31/31 MP: 4/4
   258 | D:2      | Reached skill level 4 in Axes
   348 | D:4      | Found a blossoming altar of Fedhas.
   356 | D:4      | Became a worshipper of Fedhas Madash
   370 | D:4      | Reached skill level 5 in Axes
   370 | D:4      | Reached XP level 4. HP: 34/38 MP: 5/5
   418 | D:4      | Reached XP level 5. HP: 39/45 MP: 6/6
   481 | D:4      | Noticed Robin
   490 | D:4      | Reached skill level 6 in Axes
   497 | D:4      | Slain by Robin

Illustrated notes

Levels and vault maps discovered:
D:1:      sevenhm_arrival_forest_fort_large_4, layout_loops_ring, fountainhead,
          minmay_pentomino_x4
D:2:      cheibrodos_old_hovel, layout_basic, minmay_indecisive_spiral,
          uniq_jessica, uniq_natasha
D:3:      layout_basic, uniq_grinder
D:4:      layout_rooms, fedhas_altar_2, biasface_ghost_orc_armoury,
          uniq_eustachio, uniq_robin

Skill      XL: |  1  2  3  4  5 |
---------------+----------------+-----
Axes           | 3 5 6 |  6.4
Fighting       | |  3.2
Armour         | |  3.6
Shields        | |  3.6

Action                     |  1- 3 |  4- 6 || total
---------------------------+-------+-------++-------
  Melee: War axe           |    59 |    43 ||   102
 Armour: Scale mail        |    24 |    29 ||    53
  Dodge: Dodged            |    22 |    23 ||    45
  Block: Buckler           |    21 |    16 ||    37

Table legend: (Time is in decaauts)
 A = Elapsed time spent in this place.
 B = Non-inter-level travel time spent in this place.
 C = Inter-level travel time spent in this place.
 D = Time resting spent in this place.
 E = Time spent auto-exploring this place.
 F = Levels seen in this place.
 G = Mean time per level.
                   A        B        C        D        E       F      G
               +--------+--------+--------+--------+--------+-----+--------+
         Total |    529 |    529 |      0 |      0 |      0 |   4 |  132.2 |
       Dungeon |    529 |    529 |      0 |      0 |      0 |   4 |  132.2 |
               +--------+--------+--------+--------+--------+-----+--------+

Top non-repeatable levels by time:
     D:1: 235 daAuts
     D:4: 161 daAuts
     D:2: 75 daAuts
     D:3: 56 daAuts
